 Dungeon Crawl Stone Soup version 0.23.1 (webtiles) character file.

Game seed: 14140263440071153066

23 Hylith the Caller (level 3, -3/24 HPs)
             Began as a Barachi Summoner on Mar 9, 2019.
             Slain by an iguana (13 damage)
             ... on level 2 of the Dungeon.
             The game lasted 00:05:20 (659 turns).

Hylith the Caller (Barachi Summoner)                 Turns: 659, Time: 00:05:21

Health: -3/24      AC:  2    Str:  9    XL:     3   Next: 0%
Magic:  3/6        EV: 12    Int: 16    God:
Gold:   61         SH:  0    Dex: 12    Spells: 5/6 levels left

rFire    . . .     SeeInvis .   f - +0 hand axe (chop)
rCold    . . .     Gourm    .   (no shield)
rNeg     . . .     Faith    .   a - +0 robe
rPois    .         Spirit   .   (no helmet)
rElec    .         Reflect  .   (no cloak)
rCorr    .         Harm     .   (no gloves)
MR       .....                  (no boots)
Stlth    ++........             (no amulet)
HPRegen  0.08/turn              (no ring)
MPRegen  0.10/turn              (no ring)

@: very slightly contaminated, slow
A: +LOS, swims, slowness 1, strong legs 1
a: Hop


You were on level 2 of the Dungeon.
You were not hungry.

You visited 1 branch of the dungeon, and saw 2 of its levels.

You collected 61 gold pieces.

Inventory:

Hand Weapons
 f - a +0 hand axe of chopping (weapon)
Armour
 a - a +0 robe (worn)
Scrolls
 e - a scroll of remove curse {unknown}
 g - a scroll of immolation {unknown}
 h - a scroll of fog {unknown}
 i - a scroll of blinking {unknown}
Potions
 b - 2 potions of heal wounds {unknown}
 d - a potion of curing {unknown}
Comestibles
 c - 3 rations


   Skills:
 + Level 2.2 Dodging
 * Level 1.9 Stealth
 + Level 2.3 Spellcasting
 + Level 5.7 Summonings


You had 5 spell levels left.
You knew the following spells:

 Your Spells              Type           Power        Failure   Level  Hunger
a - Summon Small Mammal   Summ           ###.         1%          1    #......

Your spell library contained the following spells:

 Spells                   Type           Power        Failure   Level  Hunger
 Call Imp                 Summ           ###.....     2%          2    ###....
 Call Canine Familiar     Summ           ###.....     5%          3    ###....
 Summon Guardian Golem    Hex/Summ       ##......     19%         3    ###....
 Summon Ice Beast         Ice/Summ       ##......     52%         4    #####..
 Summon Lightning Spire   Summ/Air       ##......     52%         4    #####..


Dungeon Overview and Level Annotations

Branches:
Dungeon (2/15)

Altars:


Innate Abilities, Weirdness & Mutations

Shadows flee at your approach. (+LOS)
You can swim through water.
You cover ground slowly.
You can hop short distances.


Message History

Increase (S)trength, (I)ntelligence, or (D)exterity?
You feel clever.
You see here a +0 club.
An iguana comes into view.
Casting: Summon Small Mammal (safe; 1% risk of failure)
Confirm with . or Enter, or press ? or * to list all spells.
You miscast Summon Small Mammal.
You are very lightly contaminated with residual magic.
Nothing appears to happen.
Casting: Summon Small Mammal (safe; 1% risk of failure)
Confirm with . or Enter, or press ? or * to list all spells.
The iguana hisses angrily.
Okay, then.
You hit the iguana but do no damage. The iguana barely misses you.
Your quokka bites the iguana.
The iguana bites you!
You hit the iguana but do no damage.
The iguana is lightly wounded.
Your quokka bites the iguana.
The iguana bites you!
Ouch! That really hurt!
You die...

##.###......########
#...#..##...........
#.........#r.#.#....
##..#......#....#..#.
#...##...#####..#..#.
#... ##....#...##..#.
#...##..##.#.......#.
#rl#rr.##...####.##.
#@######.## #.... #.#
.... ####. ..# #.. ..
.. #.## #.. ..# #. #.
.# #. # .. #. #.


You could see an iguana and 3 friendly quokkas.

Vanquished Creatures
  2 dart slugs (D:1)
  2 hobgoblins
  2 bats (D:1)
  A frilled lizard (D:1)
  4 kobolds (D:1)
11 creatures vanquished.

Vanquished Creatures (collateral kills)
  A ball python (D:1)
  A giant cockroach (D:1)
  2 hobgoblins (D:1)
  2 bats (D:1)
  A frilled lizard (D:1)
  3 goblins (D:1)
  A rat (D:1)
11 creatures vanquished.

Grand Total: 22 creatures vanquished

Notes
Turn   | Place    | Note
-------+----------+-------------------------------------------
     0 | D:1      | Hylith the Barachi Summoner began the quest for the Orb.
     0 | D:1      | Reached XP level 1. HP: 13/13 MP: 3/3
    39 | D:1      | Reached skill level 5 in Summonings
   122 | D:1      | Reached XP level 2. HP: 9/19 MP: 3/5
   645 | D:2      | Reached XP level 3. HP: 18/24 MP: 3/6
   659 | D:2      | Slain by an iguana

Skill      XL: |  1 |
---------------+----+-----
Summonings     | 5 |  5.7
Dodging        | |  2.2
Stealth        | |  1.9
Spellcasting   | |  2.3

Action                   || total
-------------------------++-------
Melee: Unarmed           ||    12
       Hand axe          ||    39
       Short sword       ||     4
 Cast: Summon Small Mamm ||    20
 Stab: Sleeping          ||     1
Armor: Robe              ||     6
Dodge: Dodged            ||    37
